Map: Tokamak LE

Players

KimChiLoVer - Winner!

  • Race: Terran Terran
  • League: Diamond
  • Spawn Location: 1:00

VOD

Have the link to the VOD?

Description

Time

  • Played on: Sept. 1, 2025, 3:16 p.m.
  • Length: 10:18
Show
View Real Time Build Order
Export as new Build Order

KimChiLoVer Terran - Winner!

Build Orders: Reaper Expand, Hellion Banshee, Mech 

Get SALT Encoding   

  12  0:02  SCV  
  12  0:14  SCV  
  12  0:19  Supply Depot  
  12  0:26  SCV  
  12  0:40  SCV  
  12  0:42  Barracks  
  12  0:46  Refinery  
  12  0:52  SCV  
  12  1:04  SCV  
  12  1:17  SCV  
  12  1:29  Orbital Command  
  12  1:31  Reaper  
  12  1:40  Command Center  
  12  1:51  Supply Depot  
  12  1:55  SCV  
  12  2:03  Marine  
  12  2:15  Factory  
  12  2:16  SCV  
  12  2:22  Barracks Reactor  
  12  2:28  SCV  
  12  2:37  Command Center  
  12  2:40  SCV  
  12  2:52  SCV  
  12  2:53  Orbital Command  
  12  3:02  Starport  
  12  3:10  Refinery  
  12  3:13  Hellion  
  12  3:14  Barracks Tech Lab  
  12  3:18  Hellion  
  12  3:20  SCV  
  12  3:29  SCV  
  12  3:32  SCV  
  12  3:41  SCV  
  12  3:43  Hellion x2  
  12  3:44  SCV  
  12  3:47  Banshee  
  12  3:50  Orbital Command  
  12  3:55  Refinery  
  12  3:56  SCV  
  12  3:57  Refinery  
  12  3:58  SCV  
  12  4:05  Hellion  
  12  4:06  Hellion  
  12  4:08  Cloaking Field  
  12  4:13  SCV  
  12  4:19  Supply Depot  
  12  4:24  SCV  
  12  4:26  SCV  
  12  4:27  SCV  
  12  4:33  Banshee  
  12  4:38  Hellion x2  
  12  4:42  Supply Depot  
  12  4:45  SCV  
  12  4:46  SCV  
  12  4:47  Supply Depot  
  12  4:57  Orbital Command  
  12  4:59  SCV x2  
  12  5:03  Factory  
  12  5:06  Marine  
  12  5:07  Factory  
  12  5:11  Supply Depot  
  12  5:12  Hyperflight Rotors  
  12  5:13  SCV  
  12  5:14  Supply Depot, SCV  
  12  5:17  Hellion  
  12  5:25  Armory, SCV  
  12  5:26  Armory, SCV  
  12  5:34  Banshee  
  12  5:40  Supply Depot  
  12  5:42  Supply Depot  
  12  5:45  SCV  
  12  5:53  SCV x2  
  12  5:56  Refinery  
  12  5:57  SCV  
  12  6:01  Factory Tech Lab x2  
  12  6:02  Refinery  
  12  6:09  Command Center, SCV  
  12  6:10  SCV  
  12  6:16  Supply Depot  
  12  6:19  SCV  
  12  6:20  Supply Depot  
  12  6:22  SCV  
  12  6:24  Infernal Pre-Igniter  
  12  6:25  Smart Servos  
  12  6:28  Siege Tank  
  12  6:33  Siege Tank  
  12  6:34  SCV  
  12  6:41  Terran Vehicle Weapons Level 1  
  12  6:42  Terran Vehicle And Ship Armor Level 1  
  12  6:47  SCV  
  12  6:48  SCV x2  
  12  6:53  Supply Depot  
  12  6:57  Hellion x2  
  12  6:59  Barracks Reactor, SCV  
  12  7:00  Siege Tank, SCV  
  12  7:06  Factory  
  12  7:11  Factory  
  12  7:15  SCV  
  12  7:23  Banshee  
  12  7:27  Thor  
  12  7:29  Orbital Command  
  12  7:32  Thor  
  12  7:36  SCV  
  12  7:37  Engineering Bay, SCV  
  12  7:48  Drilling Claws  
  12  7:50  Widow Mine  
  12  7:51  Factory Tech Lab, Widow Mine  
  12  8:07  Raven  
  12  8:10  Missile Turret  
  12  8:13  Missile Turret  
  12  8:17  Siege Tank x2  
  12  8:18  Siege Tank  
  12  8:19  Widow Mine x2  
  12  8:20  Widow Mine x2  
  12  8:21  SCV, Orbital Command  
  12  8:24  Missile Turret  
  12  8:29  Sensor Tower  
  12  8:32  Factory  
  12  8:33  SCV  
  12  8:35  Factory  
  12  8:39  Factory  
  12  8:47  SCV  
  12  8:49  Siege Tank  
  12  8:51  Siege Tank x2  
  12  8:52  Hellion  
  12  8:57  Supply Depot  
  12  8:58  Supply Depot, Refinery  
  12  8:59  Refinery, SCV  
  12  9:02  Hellion x3  
  12  9:11  SCV  
  12  9:12  Raven  
  12  9:13  Hellion  
  12  9:14  Interference Matrix  
  12  9:19  Factory Reactor  
  12  9:21  Factory Tech Lab  
  12  9:22  Factory Tech Lab  
  12  9:23  SCV  
  12  9:30  Supply Depot  
  12  9:32  Supply Depot  
  12  9:33  Command Center  
  12  9:35  SCV  
  12  9:42  SCV x3  
  12  9:48  SCV  
  12  9:50  Hellion x2  
  12  9:51  Hellion x3  
  12  9:54  SCV x2  
  12  10:06  Missile Turret  
  12  10:11  Sensor Tower  
Tags
 
Add a new tag
Caveats
  • Supply blocks, unpowered buildings, or Contaminate may cause inaccurate times.
  • Supply counts are checked every 10 seconds.